 Dungeon Crawl Stone Soup version 0.22.1-2-g9c5b331 (webtiles) character file.

12069 Gearfox the Basher (level 11, -2/95 HPs)
             Began as a Pale Draconian Fighter on Nov 27, 2018.
             Was an Elder of Dithmenos.
             Slain by an ice beast (10 damage)
             ... summoned by Fannar
             ... on level 1 of the Lair of Beasts on Nov 28, 2018.
             The game lasted 01:13:16 (14342 turns).

Gearfox the Basher (Pale Draconian Fighter)        Turns: 14342, Time: 01:13:18

Health: -2/95      AC: 11    Str: 25    XL:     11   Next: 57%
Magic:  11/11      EV: 16    Int:  8    God:    Dithmenos [****..]
Gold:   300        SH:  4    Dex: 13    Spells: 10/10 levels left

rFire    . . .     SeeInvis .   f - +5 dire flail (crush)
rCold    . . .     Gourm    .   (shield currently unavailable)
rNeg     + . .     Faith    .   (armour unavailable)
rPois    .         Spirit   .   (helmet restricted)
rElec    .         Reflect  +   (no cloak)
rCorr    .         Harm     .   m - +2 pair of gloves
MR       .....                  g - +0 pair of boots
Stlth    ++........             c - +4 amulet of reflection
HPRegen  0.25/turn              j - ring of flight
MPRegen  0.12/turn              t - ring of positive energy

@: mighty, slowed, wreathed by umbra, very slow
A: breathe steam, unfitting armour, mutation resistance 1, cold-blooded, AC +7
a: Breathe Steam, Shadow Step, Renounce Religion, Evoke Flight


You were on level 1 of the Lair of Beasts.
You worshipped Dithmenos.
Dithmenos was greatly pleased with you.
You were hungry.

You visited 2 branches of the dungeon, and saw 11 of its levels.
You also visited: Sewer.

You collected 572 gold pieces.
You spent 272 gold pieces at shops.

Inventory:

Hand Weapons
 f - a +5 dire flail of crushing (weapon)
Armour
 b - a +0 shield
 g - a +0 pair of boots (worn)
 i - a scarf of resistance
 m - a +2 pair of gloves (worn)
 y - a +2 cloak
 K - a scarf of spirit shield
Jewellery
 c - a +4 amulet of reflection (around neck)
 j - a ring of flight (left hand)
 l - an uncursed ring of magical power
 o - an uncursed amulet of faith
 t - a ring of positive energy (right hand)
 I - an uncursed ring of fire
Wands
 e - a wand of flame (19)
 u - a wand of paralysis (22)
 v - a wand of disintegration (7)
 G - a wand of iceblast (7)
Scrolls
 a - a scroll of enchant armour
 h - a scroll of fog
 q - 6 scrolls of remove curse
 r - 2 scrolls of magic mapping
 s - 4 scrolls of teleportation
 z - 7 scrolls of identify
 B - 5 scrolls of amnesia
 E - 3 scrolls of blinking
Potions
 k - a potion of lignification
 n - 2 potions of agility
 p - 4 potions of brilliance
 x - 3 potions of flight
 A - 2 potions of invisibility
 C - a potion of cancellation
 F - 4 potions of curing
Miscellaneous
 H - a lamp of fire
Comestibles
 d - 16 rations
 w - 2 chunks of flesh


   Skills:
 + Level 8.3 Fighting
   Level 8.0(11.6) Axes
 - Level 13.3(14.0) Maces & Flails
 * Level 7.0 Dodging
 - Level 0.2 Stealth
 - Level 3.0 Shields


You had 10 spell levels left.
You didn't know any spells.
Your spell library contained the following spells:

 Spells                   Type           Power        Failure   Level  Hunger
 Animate Skeleton         Necr           N/A          41%         1    ##.....
 Apportation              Tloc           #.....       41%         1    ##.....
 Confusing Touch          Hex            #.....       41%         1    ##.....
 Corona                   Hex            #......      41%         1    ##.....
 Freeze                   Ice            #...         41%         1    ##.....
 Magic Dart               Conj           #...         41%         1    ##.....
 Sandblast                Erth           #.....       41%         1    ##.....
 Summon Butterflies       Summ           #.......     41%         1    ##.....
 Summon Small Mammal      Summ           #...         41%         1    ##.....
 Ensorcelled Hibernation  Hex/Ice        #.....       54%         2    ###....
 Passwall                 Tmut/Erth      #.......     54%         2    ###....
 Searing Ray              Conj           #.....       54%         2    ###....
 Throw Frost              Conj/Ice       #.....       54%         2    ###....
 Confuse                  Hex            #.......     78%         3    ####...
 Dazzling Spray           Conj/Hex       #.....       78%         3    ####...
 Lesser Beckoning         Tloc           #.........   78%         3    ####...
 Ozocubu's Armour         Chrm/Ice       #.......     78%         3    ####...
 Stone Arrow              Conj/Erth      #.....       78%         3    ####...
 Tukima's Dance           Hex            #.......     78%         3    ####...
 Force Lance              Conj/Tloc      #.......     99%         4    #####..
 Fulminant Prism          Conj/Hex       #.........   99%         4    #####..
 Iskenderun's Mystic Bla  Conj           #.......     99%         4    #####..
 Petrify                  Tmut/Erth      #.......     99%         4    #####..
 Summon Ice Beast         Ice/Summ       #.......     99%         4    #####..
 Throw Icicle             Conj/Ice       #.......     99%         4    #####..
 Alistair's Intoxication  Tmut/Pois      #.......     100%        5    ######.
 Lee's Rapid Deconstruct  Erth           #.........   100%        5    ######.
 Invisibility             Hex            #.......     100%        6    #######


Dungeon Overview and Level Annotations

Branches:
Dungeon (10/15)            Temple (0/1) D:5            Lair (1/6) D:9
    Orc: D:9-12

Altars:
Dithmenos
Ru
Vehumet
Yredelemnul

Shops:
D:6 (%[*:   D:7 (   D:9 ?

Annotations:
Lair:1 Fannar


Innate Abilities, Weirdness & Mutations

You can breathe blasts of scalding, opaque steam.
Your pale cyan-grey scales are hard. (AC +7)
You cannot fit into any form of body armour.
You are cold-blooded and may be slowed by cold attacks.
You are somewhat resistant to further mutation.


Message History

Fannar drains the heat from the surrounding environment!
You feel very cold.
* * * LOW HITPOINT WARNING * * *
You feel as though you will be slow longer.
Fannar is frozen.
Fannar resists.
Fannar is almost dead.
The ice beast hits you but does no damage.
You barely miss the ice beast.
Your tail-slap misses the ice beast.
The ice beast is heavily wounded.
Your shadow hits the ice beast with a dire flail.
The ice beast hits you but does no damage.
The ice beast barely misses you.
You closely miss the ice beast. You tail-slap the ice beast!
The ice beast is almost dead.
Your shadow hits the ice beast with a dire flail.
You kill the ice beast!
The ice beast hits you.
* * * LOW HITPOINT WARNING * * *
The ice beast freezes you!
You die...

#.# ..## #.# .... ..#.
#.# ....#.# # #.### # #e.
########'#.# #.##.#
#........^.### ......#
#..........'..
#......#####..........##.
#...#.##.'..........###
#.....@..#..........#
#....Y.###..........###
#..$#####..##P##.##...#
#.## #...#######(..# #
.....# .####.... .P#....
.........
...##.............# #+.
#.≈≈.≈.....P≈.# .
#.PP≈≈≈.PP≈P≈..


You could see Fannar and an ice beast.

Vanquished Creatures
  2 hydras
  4 two-headed ogres
  3 trolls
  The ghost of bear the Shield-Bearer, an amateur FoFi (D:6)
  3 hippogriffs
  A meliai zombie (D:10)
  Sigmund (D:5)
  A vampire (D:10)
  3 yaks (D:9)
  A hungry ghost (D:8)
  Grum (D:10)
  Edmund (D:4)
  3 porcupines (Lair:1)
  An orc warrior (D:8)
  5 ice beasts
  A sky beast (D:5)
  2 black bears
  A phantom (D:5)
  2 necrophages
  7 wolves
  2 ogres
  5 centaurs
  2 crocodiles (Lair:1)
  2 big kobolds (Sewer)
  6 bullfrogs
  4 scorpions
  9 killer bees
  4 electric eels
  2 crimson imps (D:8)
  2 centaur zombies
  4 jellies
  A centaur skeleton (D:8)
  10 hounds
  2 orc priests
  A gnoll shaman (D:5)
  Crazy Yiuf (D:5)
  7 orc wizards
  Ijyb (D:5)
  An iguana (D:4)
  10 worker ants
  A worker ant zombie (D:7)
  A howler monkey skeleton (D:6)
  14 adders
  4 gnolls (D:5)
  4 river rats
  3 shadow imps
  3 oozes
  3 worms
  A dart slug (D:2)
  9 leopard geckos
  23 orcs
  8 ball pythons
  7 bats
  2 giant cockroaches
  13 goblins
  11 hobgoblins
  16 jackals
  7 quokkas
  4 frilled lizards
  A jackal skeleton (D:3)
  21 kobolds
  A leopard gecko skeleton (D:8)
  2 quokka skeletons
  A quokka zombie (D:6)
  31 rats
  A fungus (Lair:1)
312 creatures vanquished.

Notes
Turn   | Place    | Note
-------+----------+-------------------------------------------
     0 | D:1      | Gearfox the Draconian Fighter began the quest for the Orb.
     0 | D:1      | Reached XP level 1. HP: 19/19 MP: 1/1
   314 | D:1      | Reached XP level 2. HP: 25/26 MP: 2/2
   830 | D:2      | Reached XP level 3. HP: 31/31 MP: 3/3
   988 | D:2      | Gained mutation: You are somewhat resistant to further
                  | mutation. [potion of mutation]
  1377 | D:2      | Reached XP level 4. HP: 32/38 MP: 4/4
  1582 | D:2      | Noticed a centaur
  1598 | D:2      | Killed a centaur
  1598 | D:2      | Reached skill level 5 in Axes
  1598 | D:2      | Reached XP level 5. HP: 36/45 MP: 5/5
  2143 | D:3      | Found a shadowy altar of Dithmenos.
  2207 | D:3      | Became a worshipper of Dithmenos the Shadowed
  2437 | D:3      | Noticed a centaur
  2444 | D:3      | Killed a centaur
  2444 | D:3      | Reached XP level 6. HP: 35/51 MP: 6/6
  3512 | D:4      | Noticed Edmund
  3559 | D:4      | HP: 1/51 [Edmund/dire flail of crushing (5)]
  3561 | D:4      | Killed Edmund
  3561 | D:4      | Your scales start taking on a pale cyan-grey colour.
  3561 | D:4      | Reached XP level 7. HP: 1/57 MP: 7/7
  3982 | D:4      | Reached skill level 1 in Maces & Flails
  3991 | D:4      | Reached * piety under Dithmenos
  4331 | D:4      | Reached skill level 2 in Maces & Flails
  4396 | D:4      | Found a sacrificial altar of Ru.
  4458 | D:4      | Reached skill level 3 in Maces & Flails
  4605 | D:5      | Entered Level 5 of the Dungeon
  4691 | D:5      | Found a staircase to the Ecumenical Temple.
  4868 | D:5      | Reached skill level 4 in Maces & Flails
  4898 | D:5      | Reached skill level 5 in Maces & Flails
  4898 | D:5      | Reached XP level 8. HP: 42/63 MP: 8/8
  5283 | D:5      | Noticed Ijyb
  5292 | D:5      | Killed Ijyb
  5343 | D:5      | Found a runed door.
  5383 | D:5      | Noticed Crazy Yiuf
  5388 | D:5      | Killed Crazy Yiuf
  5502 | D:5      | Noticed Sigmund
  5514 | D:5      | Killed Sigmund
  5514 | D:5      | Reached skill level 6 in Maces & Flails
  5862 | D:5      | Found a radiant altar of Vehumet.
  5932 | D:5      | Reached skill level 7 in Maces & Flails
  5937 | D:5      | Reached ** piety under Dithmenos
  6045 | D:6      | Found a runed door.
  6045 | D:6      | Noticed bear's ghost (amateur FoFi)
  6212 | D:6      | Found a glowing drain.
  6268 | D:6      | Found Udou's Armour Shop.
  6317 | Sewer    | Entered a sewer
  6501 | Sewer    | Reached *** piety under Dithmenos
  7004 | D:6      | Found Astrerphui's Food Shop.
  7088 | D:6      | Killed bear's ghost
  7088 | D:6      | Reached skill level 5 in Fighting
  7088 | D:6      | Reached XP level 9. HP: 55/74 MP: 9/9
  7135 | D:6      | Reached **** piety under Dithmenos
  7154 | D:6      | Found Roedocog's General Store.
  7214 | D:6      | Bought a scroll of remove curse for 39 gold pieces
  7214 | D:6      | Bought a potion of curing for 39 gold pieces
  7276 | D:6      | Found Raebbyps's Weapon Emporium.
  7670 | D:6      | Found Oceruibue's Book Emporium.
  8617 | D:7      | Found Ugieg's Weapon Boutique.
  9017 | D:8      | Noticed a two-headed ogre
  9181 | D:8      | Noticed a two-headed ogre
  9194 | D:8      | Killed a two-headed ogre
  9194 | D:8      | Reached skill level 8 in Maces & Flails
  9197 | D:8      | Reached skill level 9 in Maces & Flails
  9580 | D:8      | Reached XP level 10. HP: 86/86 MP: 10/10
  9587 | D:8      | Found a basalt altar of Yredelemnul.
  9663 | D:8      | Killed a two-headed ogre
  9663 | D:8      | Reached skill level 10 in Maces & Flails
  9676 | D:8      | Noticed a six-headed hydra
  9699 | D:8      | Killed a six-headed hydra
  9699 | D:8      | Reached skill level 11 in Maces & Flails
 10541 | D:9      | Found Ticseis's Magic Scroll Shop.
 10559 | D:9      | Bought a scroll of enchant armour for 97 gold pieces
 10559 | D:9      | Bought a scroll of enchant weapon for 97 gold pieces
 11002 | D:9      | Found a staircase to the Lair.
 11667 | D:9      | Reached skill level 12 in Maces & Flails
 11729 | D:10     | Entered Level 10 of the Dungeon
 11932 | D:10     | Noticed Grum
 11952 | D:10     | Killed Grum
 11968 | D:10     | Reached XP level 11. HP: 40/92 MP: 11/11
 12501 | D:10     | Noticed a two-headed ogre
 12592 | D:10     | Reached skill level 13 in Maces & Flails
 12858 | D:10     | Noticed a two-headed ogre
 12867 | D:10     | Killed a two-headed ogre
 12884 | D:10     | Reached skill level 5 in Dodging
 12908 | D:10     | Killed a two-headed ogre
 13495 | Lair:1   | Entered Level 1 of the Lair of Beasts
 13632 | Lair:1   | Noticed a four-headed hydra
 13647 | Lair:1   | Killed a four-headed hydra
 14324 | Lair:1   | Noticed Fannar
 14342 | Lair:1   | Slain by an ice beast

Skill      XL: |  1  2  3  4  5  6  7  8  9 10 11 |
---------------+----------------------------------+-----
Axes           | 3 4 5 6 8 |  8.0
Maces & Flails | 5 7 9 12 13 | 13.3
Fighting       | 5 7 8 |  8.3
Dodging        | 3 4 7 |  7.0
Stealth        | |  0.2
Shields        | |  3.0

Action                   |  1- 3 |  4- 6 |  7- 9 | 10-12 || total
-------------------------+-------+-------+-------+-------++-------
Melee: War axe           |    99 |   139 |       |       ||   238
       Tailslap          |     2 |    17 |    43 |    28 ||    90
       Dire flail        |       |       |   358 |   217 ||   575
 Abil: Breathe Steam     |       |       |     8 |    14 ||    22
       Evoke Flight      |       |       |     1 |       ||     1
Evoke: Wand              |       |       |     2 |     4 ||     6
  Use: Scroll            |     9 |     5 |    12 |     3 ||    29
       Potion            |     3 |     4 |     2 |    10 ||    19
 Stab: Paralysed         |       |       |     2 |     2 ||     4
       Sleeping          |       |       |     6 |       ||     6
  Eat: Chunk             |     1 |     8 |    20 |     7 ||    36
       Ration            |       |       |       |     3 ||     3
Armor: Skin              |    34 |    62 |   110 |    81 ||   287
Dodge: Dodged            |    64 |    54 |   279 |   206 ||   603
Block: Shield            |    68 |    76 |       |       ||   144
       Other             |       |       |     9 |    50 ||    59
       Reflection        |       |       |       |     4 ||     4
